 Dungeon Crawl Stone Soup version 0.21.0-3-g78d12a8 (webtiles) character file.

263 MTVSty1e the Firebug (level 5, 0/42 HPs)
             Began as a Draconian Fire Elementalist on Jan 14, 2018.
             Killed from afar by an orc wizard (10 damage)
             ... with a puff of frost
             ... on level 4 of the Dungeon.
             The game lasted 00:06:11 (3683 turns).

MTVSty1e the Firebug (Draconian Fire Elementalist)  Turns: 3683, Time: 00:06:12

Health: 0/42       AC:  5    Str: 10    XL:     5   Next: 97%
Magic:  5/8        EV: 12    Int: 17    God:
Gold:   141        SH:  0    Dex: 11    Spells: 2/8 levels left

rFire    . . .     SeeInvis .   c - +2 dagger (venom)
rCold    . . .     Gourm    .   (no shield)
rNeg     . . .     Faith    .   (armour unavailable)
rPois    .         Spirit   .   (helmet restricted)
rElec    .         Reflect  .   (no cloak)
rCorr    .         Harm     .   (no gloves)
MR       .....                  (no boots)
Stlth    ++........             (no amulet)
HPRegen  0.14/turn              i - ring of flight
MPRegen  0.11/turn              (no ring)

@: no status effects
A: unfitting armour, cold-blooded, AC +5
a: Evoke Flight


You were on level 4 of the Dungeon.
You were not hungry.

You visited 2 branches of the dungeon, and saw 5 of its levels.

You collected 141 gold pieces.

Inventory:

Hand Weapons
 c - a +2 dagger of venom (weapon)
Armour
 j - a +0 shield
Jewellery
 i - a ring of flight (left hand)
Scrolls
 g - 2 scrolls of enchant weapon
 k - 2 scrolls of remove curse
 m - a scroll of teleportation
 n - a scroll of immolation {unknown}
Potions
 d - 3 potions of heal wounds
 e - a potion of brilliance {unknown}
 f - a potion of resistance {unknown}
 h - a potion of invisibility {unknown}
 l - 2 potions of haste {unknown}
Books
 a - a book of Flames

   Spells                             Type                      Level
   a - Flame Tongue                   Conjuration/Fire             1
   b - Throw Flame                    Conjuration/Fire             2
   c - Conjure Flame                  Conjuration/Fire             3
   d - Inner Flame                    Hexes/Fire                   3
   e - Sticky Flame                   Conjuration/Fire             4
   f - Fireball                       Conjuration/Fire             5
Comestibles
 b - 4 rations
 o - 3 chunks of flesh


   Skills:
 + Level 2.5 Fighting
 - Level 1.7 Dodging
 - Level 1.7 Stealth
 * Level 2.3 Shields
 - Level 2.0 Spellcasting
 + Level 2.6 Conjurations
 * Level 4.8 Fire Magic


You had 2 spell levels left.
You knew the following spells:

 Your Spells              Type           Power        Failure   Level  Hunger
a - Flame Tongue          Conj/Fire      ##...        4%          1    #......
b - Fireball              Conj/Fire      ##........   75%         5    ######.


Dungeon Overview and Level Annotations

Branches:
Dungeon (4/15)             Temple (1/1) D:4

Altars:
Ashenzari
Cheibriados
Elyvilon
Fedhas
Gozag
Hepliaklqana
Kikubaaqudgha
Makhleb
Nemelex Xobeh
Okawaru
Qazlal
Ru
Trog
Uskayaw
Wu Jian
Xom
Yredelemnul
The Shining One


Innate Abilities, Weirdness & Mutations

Your plain brown scales are hard. (AC +5)
You cannot fit into any form of body armour.
You are cold-blooded and may be slowed by cold attacks.


Message History

a dagger; a robe; an orc corpse You start resting.
Something hits you.
You start resting.
Something hits you but does no damage.
You hear some strange, mumbled words.
A puff of frost appears from out of thin air!
The puff of frost misses you.
You hear some strange, mumbled words.
A puff of frost appears from out of thin air!
The puff of frost hits you! Something hits you but does no damage.
You closely miss something. Something hits you.
You hit something.
You hear some strange, mumbled words.
A puff of frost appears from out of thin air!
The puff of frost hits you!
* * * LOW HITPOINT WARNING * * *
You hear some strange, mumbled words.
A puff of frost appears from out of thin air!
The puff of frost hits you!
You die...

#.## #..####+###### ##
##...........# ..#
#.....(.....### ..#
#.............## ..#
##..........#..# ..#
#..##'##......# ..#
########'##.##..⌠.(.#
..#
........@...##......#
..#
........{...##⌠.>.⌠.#
..#
.........)...##......#
..#
.............##..⌠...#
..#
.............##......#
..#
.............#########
..# .....)......>..#
###
.............######
.........#........#


There were no monsters in sight!

Vanquished Creatures
  A hound (D:4)
  An orc wizard (D:4)
  A worker ant (D:2)
  5 adders
  An adder skeleton (D:3)
  3 worms
  5 dart slugs
  2 leopard geckos
  18 orcs
  2 ball pythons
  7 giant cockroaches
  10 goblins
  8 hobgoblins
  6 jackals
  2 quokkas (D:2)
  8 bats
  6 frilled lizards
  A jackal skeleton (D:4)
  6 kobolds
  2 rats
95 creatures vanquished.

Notes
Turn   | Place    | Note
-------+----------+-------------------------------------------
     0 | D:1      | MTVSty1e the Draconian Fire Elementalist began the quest for the Orb.
     0 | D:1      | Reached XP level 1. HP: 14/14 MP: 3/3
   309 | D:1      | Reached XP level 2. HP: 18/22 MP: 5/5
   570 | D:1      | Reached skill level 1 in Fighting
  1028 | D:2      | Reached XP level 3. HP: 28/28 MP: 6/6
  1302 | D:2      | Reached skill level 4 in Fire Magic
  1423 | D:2      | Reached XP level 4. HP: 30/36 MP: 5/7
  2162 | D:3      | Reached skill level 1 in Shields
  2525 | D:3      | Reached XP level 5. HP: 38/41 MP: 8/8
  2532 | D:3      | Learned a level 5 spell: Fireball
  3169 | D:4      | Found a staircase to the Ecumenical Temple.
  3183 | Temple   | Entered the Ecumenical Temple
  3683 | D:4      | Killed from afar by an orc wizard

Skill      XL: |  1  2  3  4  5 |
---------------+----------------+-----
Fighting       | 1 2 |  2.5
Conjurations   | 2 |  2.6
Fire Magic     | 4 |  4.8
Shields        | 1 2 |  2.3
Dodging        | |  1.7
Stealth        | |  1.7
Spellcasting   | |  2.0

Action                   |  1- 3 |  4- 6 || total
-------------------------+-------+-------++-------
Melee: Dagger            |    88 |   174 ||   262
       Tailslap          |     6 |    14 ||    20
 Cast: Flame Tongue      |     2 |    23 ||    25
  Use: Scroll            |     3 |     2 ||     5
       Potion            |       |     1 ||     1
 Stab: Sleeping          |       |     4 ||     4
  Eat: Chunk             |     2 |     7 ||     9
Armor: Skin              |    29 |    51 ||    80
Dodge: Dodged            |    46 |   103 ||   149
